 Dungeon Crawl Stone Soup version 0.23-a0-655-g3751e1c (webtiles) character file.

1567 Lanoc the Carver (level 8, 0/71 HPs)
             Began as a Purple Draconian Berserker on Jan 7, 2019.
             Was an Elder of Trog.
             Slain by Harold
             ... wielding a +4 dire flail of protection
              (2 damage)
             ... on level 7 of the Dungeon.
             The game lasted 00:09:08 (4844 turns).

Lanoc the Carver (Purple Draconian Berserker)       Turns: 4844, Time: 00:09:08

Health: 0/71       AC: 12    Str: 31    XL:     8   Next: 59%
Magic:  8/8        EV: 14    Int:  7    God:    Trog [****..]
Gold:   276        SH:  0    Dex: 10    Spells: 7/7 levels left

rFire    . . .     SeeInvis .   a - +0 falchion
rCold    . . .     Gourm    .   (no shield)
rNeg     . . .     Faith    .   (armour unavailable)
rPois    .         Spirit   .   (helmet restricted)
rElec    .         Reflect  .   o - +0 cloak
rCorr    .         Harm     .   (no gloves)
MR       +....                  (no boots)
Stlth    +.........             (no amulet)
HPRegen  0.21/turn              c - +5 ring of strength
MPRegen  0.11/turn              j - +5 ring of protection

@: mighty, lethally poisoned (0 -> 0), marked, berserk cooldown, starving,
slowed, very slow
A: breathe power, unfitting armour, stinger 1, dopey 1, cold-blooded, AC +6
a: Breathe Dispelling Energy, Berserk, Trog's Hand, Brothers in Arms, Renounce
Religion


You were on level 7 of the Dungeon.
You worshipped Trog.
Trog was greatly pleased with you.
You were starving.

You visited 2 branches of the dungeon, and saw 8 of its levels.

You collected 276 gold pieces.

Inventory:

Hand Weapons
 a - a +0 falchion (weapon)
Missiles
 u - 4 javelins of penetration (quivered)
Armour
 o - a +0 cloak (worn)
Jewellery
 c - a +5 ring of strength (left hand)
 j - a +5 ring of protection (right hand)
Wands
 m - a wand of digging (5)
 w - a wand of enslavement (6)
 y - a wand of clouds (7)
Scrolls
 d - 2 scrolls of fear {unknown}
 e - 2 scrolls of blinking {unknown}
 f - 3 scrolls of teleportation {unknown}
 g - 4 scrolls of remove curse {unknown}
 h - 8 scrolls of identify {unknown}
 l - 2 scrolls of magic mapping {unknown}
 p - 3 scrolls of noise {unknown}
 t - 2 scrolls of torment {unknown}
 v - a scroll of amnesia {unknown}
Potions
 i - 2 potions of might
 k - 2 potions of lignification {unknown}
 n - a potion of flight {unknown}
 q - 3 potions of mutation
 r - 2 potions of magic {unknown}
 s - a potion of berserk rage {unknown}
 z - a potion of degeneration {unknown}
Comestibles
 b - 9 rations


   Skills:
 + Level 6.8 Fighting
 * Level 8.2 Long Blades
 + Level 5.6 Dodging


You had 7 spell levels left.
You didn't know any spells.
Your spell library was empty.

Dungeon Overview and Level Annotations

Branches:
Dungeon (7/15)             Temple (1/1) D:5

Altars:
Ashenzari
Cheibriados
Dithmenos
Fedhas
Gozag
Hepliaklqana
Kikubaaqudgha
Nemelex Xobeh
Okawaru
Qazlal
Ru
Sif Muna
Trog
Vehumet
Xom
Yredelemnul
Zin
The Shining One

Annotations:
D:7 Harold


Innate Abilities, Weirdness & Mutations

You can breathe bolts of dispelling energy.
Your rich purple scales are hard. (AC +6)
You cannot fit into any form of body armour.
You are cold-blooded and may be slowed by cold attacks.
Your tail ends in a poisonous barb.
You are dopey. (Int -2)


Message History

You struggle against the net.
You feel sick. The bullfrog barely misses you.
Harold gestures at you while chanting. The harpoon shot hits you!
You are yanked forward by the harpoon shot.
Harold hits you with a +4 dire flail of protection!!
* * * LOW HITPOINT WARNING * * *
Found a ration.
It was a potion of mutation.
You feel extremely strange.
You feel stupid.
A poisonous barb forms on the end of your tail.
The bullfrog closely misses you.
Harold hits you with a +4 dire flail of protection.
* * * LOW HITPOINT WARNING * * *
The bullfrog hits you but does no damage.
It was a potion of might.
You feel very mighty all of a sudden.
You feel sick. The bullfrog hits you.
* * * LOW HITPOINT WARNING * * *
Harold hits you with a +4 dire flail of protection.
You die...

#.... ##...%####
.........# .........##
.......... .........
#.......@##
........@.#.#
........F.#.#
........††#.# ..
........(.#.# ...
..........#.# ....
#.........#.# #....
.#######...###.#.....
.............#.#..##.#
############.........#


You could see Harold and a bullfrog.

Vanquished Creatures
  Grinder (D:4)
  A black bear (D:7)
  An ice beast (D:5)
  A phantom (D:5)
  A sky beast (D:4)
  A centaur (D:6)
  2 scorpions (D:5)
  A howler monkey (D:5)
  2 crimson imps
  4 hounds
  A bullfrog zombie (D:6)
  2 orc priests
  Crazy Yiuf (D:2)
  2 centaur skeletons (D:4)
  An orc wizard (D:4)
  An iguana (D:5)
  3 worker ants (D:4)
  2 hound skeletons
  A worker ant zombie (D:5)
  Robin (D:2)
  A gnoll (D:5)
  A howler monkey skeleton (D:4)
  9 adders
  A shadow imp (D:5)
  An adder skeleton (D:4)
  4 worms
  A dart slug (D:1)
  2 leopard geckos
  18 orcs
  A ball python (D:4)
  11 giant cockroaches
  9 hobgoblins
  13 jackals
  5 kobolds
  3 quokkas
  A ball python skeleton (D:5)
  11 bats
  5 frilled lizards
  16 goblins
  A jackal skeleton (D:4)
  13 rats
157 creatures vanquished.

Notes
Turn   | Place    | Note
-------+----------+-------------------------------------------
     0 | D:1      | Lanoc the Draconian Berserker began the quest for the Orb.
     0 | D:1      | Reached XP level 1. HP: 19/19 MP: 1/1
    93 | D:1      | Reached XP level 2. HP: 24/26 MP: 2/2
   390 | D:1      | Reached ** piety under Trog
   553 | D:1      | Reached XP level 3. HP: 30/33 MP: 3/3
   696 | D:2      | Found a runed door.
   746 | D:2      | Noticed Robin
   762 | D:2      | Reached skill level 4 in Long Blades
   771 | D:2      | Killed Robin
   771 | D:2      | Reached XP level 4. HP: 40/40 MP: 4/4
  1295 | D:2      | Reached *** piety under Trog
  1383 | D:2      | Noticed Crazy Yiuf
  1390 | D:2      | Killed Crazy Yiuf
  1390 | D:2      | Reached XP level 5. HP: 46/46 MP: 5/5
  1553 | D:3      | Found a deep blue altar of Sif Muna.
  1722 | D:3      | Reached **** piety under Trog
  2238 | D:4      | Noticed Grinder
  2247 | D:4      | Killed Grinder
  2247 | D:4      | Reached skill level 5 in Long Blades
  2247 | D:4      | Reached XP level 6. HP: 55/55 MP: 6/6
  2262 | D:4      | Reached skill level 5 in Fighting
  2527 | D:4      | Reached skill level 6 in Long Blades
  2630 | D:4      | Your scales start taking on a rich purple colour.
  2630 | D:4      | Reached XP level 7. HP: 61/61 MP: 7/7
  3013 | D:4      | Received a gift from Trog
  3347 | D:5      | Entered Level 5 of the Dungeon
  3394 | D:5      | Reached skill level 7 in Long Blades
  3425 | D:5      | Reached skill level 5 in Dodging
  3425 | D:5      | Reached XP level 8. HP: 70/70 MP: 8/8
  3438 | D:5      | Found an ancient bone altar of Kikubaaqudgha.
  3532 | D:5      | Found a staircase to the Ecumenical Temple.
  3564 | Temple   | Entered the Ecumenical Temple
  4459 | D:6      | Reached skill level 8 in Long Blades
  4834 | D:7      | Noticed Harold
  4843 | D:7      | Gained mutation: You are dopey. (Int -2) [potion of
                  | mutation]
  4843 | D:7      | Gained mutation: Your tail ends in a poisonous barb.
                  | [potion of mutation]
  4844 | D:7      | HP: 3/71 [poisoned by an adder]
  4844 | D:7      | Slain by Harold

Vault maps used:
D:1:      onia_arrival_handbag, kennysheep_another_room
D:2:      uniq_robin, uniq_crazy_yiuf_cottage
D:3:      lemuel_doored_altar
D:4:      hangedman_abyss_or_decor_slice, minmay_pentomino_pile, uniq_grinder
D:5:      kiku_gazebo_garden_becter, minmay_temple_entry_mist, first_ration,
          palyth_stone_intersect, kennysheep_generic_room_10
D:6:      minmay_door_square
D:7:      grunt_temple_overflow_open, elyvilon_altar_4, serial_co_window_serial,
          co_window_of_opportunity_a, co_window_of_opportunity_a,
          co_window_of_opportunity_a, co_window_paths_a, co_window_paths_b,
          co_window_of_opportunity_a, co_window_corner_a, co_window_paths_b,
          co_window_corner_a, co_window_unsneaky_path_e,
          co_window_unsneaky_path_c, glass_columns_c, glass_columns_a,
          glass_columns_a, minmay_shop_chei, uniq_harold
Temple:   kb_temple_of_zot

Skill      XL: |  1  2  3  4  5  6  7  8 |
---------------+-------------------------+-----
Dodging        | 3 4 5 |  5.6
Long Blades    | 4 5 6 7 8 |  8.2
Fighting       | 4 5 6 |  6.8

Action                   |  1- 3 |  4- 6 |  7- 9 || total
-------------------------+-------+-------+-------++-------
Melee: Falchion          |    97 |   162 |   178 ||   437
       Tailslap          |    15 |    38 |    37 ||    90
Invok: Berserk           |     1 |     4 |     4 ||     9
  Use: Potion            |       |       |     2 ||     2
 Stab: Distracted        |     1 |       |       ||     1
       Sleeping          |       |     1 |       ||     1
  Eat: Chunk             |       |    10 |     6 ||    16
       Ration            |       |       |     1 ||     1
Armor: Skin              |    51 |    73 |    68 ||   192
Dodge: Dodged            |    81 |   117 |   130 ||   328
       Rpst.: Falchion   |    28 |    48 |    44 ||   120

Table legend:
 A = Non-vault XP
 B = Vault XP
 C = Vault XP percentage of total XP
 D = Non-vault monster count
 E = Vault monster count
 F = Vault count percentage of total count
                 A         B        C        D         E       F
            +---------+---------+-------+---------+---------+-------
      Total |    1635 |     604 |  27.0 |     134 |      23 |  14.6
            +---------+---------+-------+---------+---------+-------
        D:1 |      40 |       4 |   9.1 |      23 |       4 |  14.8
        D:2 |      81 |      72 |  47.1 |      29 |      12 |  29.3
        D:3 |     100 |       0 |   0.0 |      27 |       0 |   0.0
        D:4 |     272 |     514 |  65.4 |      23 |       6 |  20.7
        D:5 |     709 |      14 |   1.9 |      21 |       1 |   4.5
        D:6 |     241 |       0 |   0.0 |       8 |       0 |   0.0
        D:7 |     192 |       0 |   0.0 |       3 |       0 |   0.0
            +---------+---------+-------+---------+---------+-------
